 Dungeon Crawl Stone Soup version 0.31-a0-846-gb3bcc0d938 (webtiles) character file.

Game seed: 17232275203171878753

46 trantor the Conjurer (level 3, -1/2 HPs)
             Began as a Human Conjurer on Oct 4, 2023.
             Slain by an adder (2 damage)
             ... on level 2 of the Dungeon.
             The game lasted 00:20:40 (1279 turns).

trantor the Conjurer (Human Conjurer)               Turns: 1279, Time: 00:20:40

Health: -1/2       AC:  2    Str:  7    XL:     3   Next: 92%
Magic:  0/6        EV: 12    Int: 20    God:
Gold:   5          SH:  0    Dex: 11    Spells: 0/6 levels left

rFire   . . .        g - +0 dagger
rCold   + . .        (no shield)
rNeg    + + +        a - +0 robe
rPois   ∞            (no helmet)
rElec   .            r - scarf {shadows}
rCorr   .            (no gloves)
SInv    .            (no boots)
Will    +....        (no amulet)
Stlth   ++           (no ring)
HPRegen 0.20/turn    (no ring)
MPRegen 0.10/turn

%: no passive effects
@: lethally poisoned (-1 -> -1), death-form
A: vile attack, torment immunity, no potions, reduced hp
a: Siphon Essence, Begin Untransformation


You were on level 2 of the Dungeon.
You were an undying horror.
You visited 1 branch of the dungeon, and saw 2 of its levels.

You collected 5 gold pieces.

Inventory:

Hand Weapons
 g - a +0 dagger (weapon)
 n - a +0 dagger
Missiles
 m - 6 poisoned darts
 q - 3 datura-tipped darts
Armour
 a - a +0 robe (worn)
 r - a scarf of shadows (worn)
Talismans
 e - a talisman of death (active)
Scrolls
 d - a scroll of blinking {unknown}
 h - 2 scrolls of identify {unknown}
 t - a scroll of summoning {unknown}
Potions
 b - 2 potions of magic
 c - a potion of enlightenment {unknown}
 f - a potion of degeneration {unknown}
 i - a potion of lignification {unknown}
 j - a potion of berserk rage {unknown}
 k - a potion of mutation {unknown}
 l - a potion of invisibility {unknown}
 o - a potion of attraction {unknown}
 p - a potion of cancellation {unknown}
 s - a potion of ambrosia {unknown}


   Skills:
 + Level 2.5 Dodging
 + Level 2.4 Stealth
 + Level 2.3 Spellcasting
 + Level 4.6 Conjurations


You couldn't memorise any spells.
You knew the following spells:

 Your Spells              Type           Power      Damage    Failure   Level
a - Magic Dart            Conj           80%        1d7       2%          1
b - Searing Ray           Conj           40%        2d5       3%          2
c - Dazzling Flash        Conj/Hex       22%        N/A       19%         3

Your spell library contained the following spells:

 Spells                   Type           Power      Damage    Failure   Level
 Fulminant Prism          Conj/Hex       5%         3d6       52%         4
 Iskenderun's Mystic Bla  Conj/Tloc      11%        2d4       52%         4


Dungeon Overview and Level Annotations

Branches:
Dungeon (2/15)

Altars:

Shops:
D:2 *


Message History

Aim: an adder (100% to hit)
The magic dart hits the adder.
The adder is moderately wounded.
Aiming: Magic Dart (safe; 2% risk of failure)
Press: ? - help, Q - select action, (/) - cycle Shift-Dir - straight line, f/p - adder
Aim: an adder (moderately wounded, 100% to hit)
The magic dart hits the adder.
The adder is moderately wounded.
Okay, then.
Okay, then.
Okay, then.
An adder is nearby!
The adder bites you.
You are poisoned.
The adder poisons you! The adder closely misses you.
You begin transforming.
You continue transforming.
You feel sick. The adder bites you.
You continue transforming.
You feel sick. The adder completely misses you.
You continue transforming.
You feel sick. The adder bites you.
You are more poisoned.
The adder poisons you!
Your flesh twists and warps into a mockery of life!
HP restored.
Aiming: Magic Dart (safe; 2% risk of failure)
Press: ? - help, Q - select action, (/) - cycle Shift-Dir - straight line, f/p - adder
Aim: an adder (moderately wounded, 100% to hit)
The magic dart hits the adder.
The adder is heavily wounded.
The adder bites you but does no damage. The adder bites you.
Ouch! That really hurt!
Aiming: Magic Dart (safe; 2% risk of failure)
Press: ? - help, Q - select action, (/) - cycle Shift-Dir - straight line, f/p - adder
Aim: an adder (moderately wounded, 100% to hit)
The magic dart hits the adder.
The adder is heavily wounded.
The adder bites you.
Ouch! That really hurt!
You die...

......#.........)#
......#..........# ###+########
......#..........# #..........g
#########..^.....# #.........).
##.............#######)..........
....................##...).......
.........###...####.##.......)...
.........'..........##...........
.........###....zS........##.....
........)# ####...........# #####
#........######...........#
#.........................#
#.######...................#
#......#............>..##...#
+......#.......##......# #.#.
#......#.......##...#### #.
.......#<......##...#


You could see an adder.

Vanquished Creatures
  A worm (D:2)
  2 dart slugs (D:1)
  3 orcs (D:2)
  2 ball pythons (D:1)
  6 bats
  3 endoplasms (D:1)
  3 giant cockroaches
  2 goblins (D:1)
  3 hobgoblins (D:1)
  4 kobolds
  A rat (D:1)
30 creatures vanquished.

Notes
Turn   | Place    | Note
-------+----------+-------------------------------------------
     0 | D:1      | trantor the Human Conjurer began the quest for the Orb.
     0 | D:1      | Reached XP level 1. HP: 13/13 MP: 3/3
   134 | D:1      | Reached XP level 2. HP: 19/19 MP: 1/5
   536 | D:1      | Reached XP level 3. HP: 24/24 MP: 3/6
   544 | D:1      | Learned a level 2 spell: Searing Ray
   548 | D:1      | Learned a level 3 spell: Dazzling Flash
  1003 | D:2      | Found Lododeuh's General Store.
  1279 | D:2      | Slain by an adder

Illustrated notes

Levels and vault maps discovered:
D:1:      roderic_crop_circles_arrival_small, layout_rooms
D:2:      minmay_inner_zag, layout_basic, serial_shops, shop, nrook_campfire,
          grunt_ministairs_10

Action                     || total
---------------------------++-------
  Melee: Unarmed           ||    19
         Dagger            ||    27
         Punch             ||     2
   Cast: Magic Dart        ||    76
 Armour: Robe              ||    28
  Dodge: Dodged            ||    30
   Form: Death             ||     1

Table legend: (Time is in decaauts)
 A = Elapsed time spent in this place.
 B = Non-inter-level travel time spent in this place.
 C = Inter-level travel time spent in this place.
 D = Time resting spent in this place.
 E = Time spent auto-exploring this place.
 F = Levels seen in this place.
 G = Mean time per level.
                   A        B        C        D        E       F      G
               +--------+--------+--------+--------+--------+-----+--------+
         Total |   1278 |   1256 |     22 |      0 |    347 |   2 |  639.0 |
       Dungeon |   1278 |   1256 |     22 |      0 |    347 |   2 |  639.0 |
               +--------+--------+--------+--------+--------+-----+--------+

Top non-repeatable levels by time:
     D:1: 907 daAuts
     D:2: 370 daAuts
